 Dungeon Crawl Stone Soup version 0.26-b1-32-g5d43845318 (webtiles) character file.

Game seed: 6987764098673626197

807 jmlagarto the Changer (level 7, -2/51 HPs)
             Began as a Merfolk Transmuter on Jan 10, 2021.
             Slain by an iguana (11 damage)
             ... on level 4 of the Dungeon.
             The game lasted 00:12:07 (4627 turns).

jmlagarto the Changer (Merfolk Transmuter)          Turns: 4627, Time: 00:12:08

Health: -2/51      AC:  6    Str: 10    XL:     7   Next: 92%
Magic:  8/12       EV: 18    Int: 15    God:
Gold:   215        SH:  0    Dex: 14    Spells: 9/13 levels left

rFire    . . .     SeeInvis .   g - +2 short sword (elec)
rCold    . . .     Faith    .   (no shield)
rNeg     . . .     Spirit   .   a - +0 robe
rPois    .         Reflect  .   (helmet currently unavailable)
rElec    .         Harm     .   (no cloak)
rCorr    .         Rampage  .   (no gloves)
Will     .....                  (boots currently unavailable)
Stlth    ++........             (no amulet)
HPRegen  0.17/turn              f - +4 ring of evasion
MPRegen  0.13/turn              e - +4 ring of protection

@: mighty, appendages
A: change form in water, swift swim, stealthy swim, horns 2
a: End Transformation


You were on level 4 of the Dungeon.
You had grown temporary horns.
You visited 1 branch of the dungeon, and saw 4 of its levels.

You collected 215 gold pieces.

Inventory:

Hand Weapons
 g - a +2 short sword of electrocution (weapon)
 n - a +0 hunting sling of flaming
 p - a +4 trident
Missiles
 h - 2 boomerangs
 o - 206 stones
Armour
 a - a +0 robe (worn)
Jewellery
 e - a +4 ring of protection (right hand)
 f - a +4 ring of evasion (left hand)
Wands
 l - a wand of random effects (16)
 r - a wand of disintegration (20)
 s - a wand of flame (17)
Scrolls
 b - 2 scrolls of teleportation {unknown}
 c - 3 scrolls of fog
 d - a scroll of amnesia {unknown}
 k - 3 scrolls of identify {unknown}
 m - 4 scrolls of remove curse
 t - a scroll of magic mapping
Potions
 i - 3 potions of might
 j - a potion of lignification {unknown}
 q - a potion of mutation {unknown}


   Skills:
 + Level 2.8 Fighting
 + Level 5.2 Short Blades
 + Level 4.6 Dodging
 + Level 2.1 Stealth
 + Level 4.2 Unarmed Combat
 + Level 3.7 Spellcasting
 + Level 5.3 Transmutations
 + Level 0.8 Poison Magic


You had 9 spell levels left.
You knew the following spells:

 Your Spells              Type           Power        Failure   Level
a - Beastly Appendage     Tmut           36%          1%          1
b - Spider Form           Tmut/Pois      6%           16%         3

Your spell library contained the following spells:

 Spells                   Type           Power        Failure   Level
 Wereblood                Tmut           18%          3%          2
 Blade Hands              Tmut           9%           50%         5
 Ice Form                 Ice/Tmut       10%          52%         4


Dungeon Overview and Level Annotations

Branches:
Dungeon (4/15)
 Temple: D:4-7

Altars:
Vehumet
Wu Jian


Innate Abilities, Weirdness & Mutations

You revert to your normal form in water.
You are very nimble and swift while swimming.
You are very stealthy in the water. (Stealth+)
You have a pair of horns on your head.


Message History

You feel very mighty all of a sudden.
The phantom hits you but does no damage.
The iguana closely misses you.
Casting: Spider Form (dangerous; 16% risk of failure)
Confirm with . or Enter, or press ? or * to list all spells.
You grow a pair of large bovine horns.
The phantom hits you.
* * * LOW HITPOINT WARNING * * *
The iguana closely misses you.
You closely miss the phantom. Your punch misses the phantom.
The phantom is severely damaged.
The phantom misses you. The iguana misses you.
You hit the phantom.
The phantom is severely damaged.
The phantom hits you.
* * * LOW HITPOINT WARNING * * *
The iguana completely misses you.
You puncture the phantom!
You destroy the phantom!
The iguana bites you!
You die...

###.#...$....# ... #.. .....
...#....
####.####.####..#....
....##.....##..'....
#####..#.$.....#..#....
.......#.......#..+....
#o...._......#....
#l#.......#.##....
#@#.......#.......
#..)##.....##^.#####
......####.####.......
.#####............
........+#####
............##....#..#......
#
............##....#..#......
# ............##....#
#...... #
............##..?.# ####+#+#
# ............# #


You could see an iguana and an orc.

Vanquished Creatures
  Grinder (D:3)
  Sigmund (D:3)
  2 phantoms (D:4)
  An ogre (D:4)
  An orc priest (D:4)
  Ijyb (D:3)
  An iguana (D:3)
  Natasha (twice) (D:3)
  An orc wizard (D:4)
  Robin (D:4)
  3 adders (D:2)
  A shadow imp (D:2)
  An ooze (D:4)
  4 worms
  A dart slug (D:1)
  2 leopard geckos
  6 orcs
  4 giant cockroaches
  22 goblins
  8 hobgoblins
  2 quokkas
  A ball python (D:3)
  6 bats
  4 frilled lizards
  A jackal skeleton (D:2)
  7 kobolds
  5 rats
90 creatures vanquished.

Notes
Turn   | Place    | Note
-------+----------+-------------------------------------------
     0 | D:1      | jmlagarto the Merfolk Transmuter began the quest for the
                  | Orb.
     0 | D:1      | Reached XP level 1. HP: 15/15 MP: 3/3
   498 | D:1      | Reached XP level 2. HP: 21/21 MP: 3/5
  1154 | D:1      | Reached XP level 3. HP: 23/26 MP: 4/6
  1538 | D:2      | Reached skill level 1 in Short Blades
  1612 | D:2      | Reached skill level 1 in Stealth
  1612 | D:2      | Reached XP level 4. HP: 23/32 MP: 7/7
  2513 | D:3      | Noticed Ijyb
  2531 | D:3      | Killed Ijyb
  2532 | D:3      | Reached XP level 5. HP: 34/37 MP: 6/8
  2701 | D:3      | Noticed Natasha
  2711 | D:3      | Killed Natasha
  2907 | D:3      | Noticed Grinder
  2909 | D:3      | Paralysed by Grinder for 6 turns
  2932 | D:3      | Killed Grinder
  2933 | D:3      | Reached XP level 6. HP: 16/44 MP: 10/10
  3145 | D:3      | Noticed Sigmund
  3151 | D:3      | Learned a level 3 spell: Spider Form
  3171 | D:3      | Killed Sigmund
  3172 | D:3      | Reached XP level 7. HP: 33/51 MP: 7/12
  3342 | D:3      | Noticed Natasha
  3358 | D:3      | Killed Natasha
  3882 | D:4      | Noticed Robin
  3915 | D:4      | Killed Robin
  4164 | D:4      | Reached skill level 5 in Short Blades
  4164 | D:4      | Reached skill level 5 in Transmutations
  4466 | D:4      | Found a radiant altar of Vehumet.
  4578 | D:4      | Found an ornate altar of the Wu Jian Council.
  4627 | D:4      | Slain by an iguana

Illustrated notes

Levels and vault maps discovered:
D:1:      mushboom_english_gardens, layout_basic, minmay_misc_feat_cross
D:2:      layout_rooms, chequers_serial_rivers_large_a, minmay_misc_feat_tower
D:3:      layout_loops_ring, uniq_sigmund, uniq_natasha, uniq_ijyb, uniq_grinder
D:4:      layout_basic, old_standard_altar, old_standard_altar,
          vehumet_altar_wand_db, lemuel_crystal_altar,
          gammafunk_temple_overflow_elements, uniq_robin

Skill      XL: |  1  2  3  4  5  6  7 |
---------------+----------------------+-----
Transmutations | 3 4 5 |  5.3
Dodging        | 3 4 |  4.6
Short Blades   | 1 2 3 4 5 |  5.2
Stealth        | 1 2 |  2.1
Fighting       | 2 |  2.8
Spellcasting   | 3 |  3.7
Unarmed Combat | 4 |  4.2
Poison Magic   | |  0.8

Action                   |  1- 3 |  4- 6 |  7- 9 || total
-------------------------+-------+-------+-------++-------
Melee: Unarmed           |    24 |     5 |    50 ||    79
       Headbutt          |     6 |     5 |     4 ||    15
       Short sword       |    67 |    74 |    58 ||   199
       Punch             |     1 |       |     1 ||     2
 Cast: Beastly Appendage |    21 |    18 |    12 ||    51
       Spider Form       |       |     1 |     4 ||     5
  Use: Scroll            |     4 |       |       ||     4
       Potion            |     2 |     4 |     1 ||     7
 Stab: Sleeping          |     1 |     1 |     1 ||     3
       Distracted        |       |       |     1 ||     1
Armor: Robe              |    12 |    11 |     8 ||    31
       Skin              |       |       |     3 ||     3
Dodge: Dodged            |    53 |    52 |    84 ||   189
